Thunderbirds vs Marlies
Created - May 10, 2023 at 20:21
Goals
|
Thunderbirds |
1 |
0 |
1 |
0 |
1 |
2 |
Marlies |
1 |
0 |
1 |
0 |
2 |
3 |
|
Shots
|
Thunderbirds |
8 |
10 |
7 |
2 |
6 |
27 |
Marlies |
5 |
10 |
14 |
2 |
6 |
31 |
|
1st period
1. Marlies , Nicholas Baptiste 41 (Aleksi Saarela 36) at 2:15
2. Thunderbirds , Shane Prince 3 (Timothy Liljegren 31, Petr Straka 23) at 17:39
Penalties :
Tobias Lindberg (Tor) for High sticking (Minor) at 13:56
2nd period
No Goal
Penalties :
Keaton Thompson (Tor) for Hooking (Minor) at 11:12, Timothy Liljegren (Spr) for Interference (Minor) at 16:05
3rd period
3. Marlies , Aleksi Saarela 29 (Dmitri Samorukov 5, Charlie Lindgren) at 1:50
4. Thunderbirds , Drake Batherson 51 (Kirill Kaprizov 57, Griffin Reinhart 42) at 15:57 (PP)
Penalties :
Simon Bourque (Tor) for Tripping (Minor) at 4:39, Timothy Liljegren (Spr) for Interference (Minor) at 8:34, Mathieu Olivier (Tor) for High sticking (Minor) at 15:40, Tanner Laczynski (Spr) for Unsportsmanlike conduct (Minor) at 19:00
Overtime #1
No Goal
Penalties :
No Penalty
Shootout
Thunderbirds, Drake Batherson - Shot Misses the Net
Marlies, Nicholas Baptiste - Stopped by Carter Hutton
Thunderbirds, Tanner Laczynski - Stopped by Charlie Lindgren
Marlies, Aleksi Saarela - Stopped by Carter Hutton
Thunderbirds, Petr Straka - Shot Misses the Net
Marlies, Logan Brown - Stopped by Carter Hutton
Thunderbirds, Patrick Brown - Stopped by Charlie Lindgren
Marlies, Mathieu Olivier - Shot Misses the Net
Thunderbirds, Elias Lindholm - Goal!
Marlies, Tyler Benson - Goal!
Thunderbirds, Anthony Beauvillier - Stopped by Charlie Lindgren
Marlies, Matthew Highmore - Goal!
Penalties :
No Penalty
Goalie Stats
Carter Hutton (Spr), 29 saves from 31 shots - (0.935), OTL, 34-16-3, 65:00 minutes
Charlie Lindgren (Tor), 25 saves from 27 shots - (0.926), W, 26-15-3, 65:00 minutes
Players Stats for Thunderbirds
Player Name G A P +/- PIM S H SB GA TA FO MP PP MP PK MP
------------------------------------------------------------------------------------
Anthony Beauvillier 0 0 0 0 0 0 1 0 0 0 1/1 16:32 2:40 1:10
Dominik Kahun 0 0 0 0 0 3 1 0 0 2 0/0 16:50 2:40 0:37
Drake Batherson 1 0 1 0 0 4 2 0 0 1 2/2 20:26 3:26 0:00
Elias Lindholm 0 0 0 0 0 4 2 0 2 0 6/18 22:24 3:25 1:10
Filip Hronek 0 0 0 0 0 2 3 0 0 2 0/0 25:34 2:15 2:29
Griffin Reinhart 0 1 1 0 0 2 3 3 0 0 0/0 27:49 3:59 3:28
Jacob Larsson 0 0 0 -1 0 0 1 0 0 0 0/0 18:25 0:00 2:29
Kale Clague 0 0 0 -1 0 0 3 1 0 0 0/0 17:17 2:15 0:00
Kirill Kaprizov 0 1 1 0 0 3 1 0 0 0 4/4 21:00 3:24 0:00
Morgan Frost 0 0 0 -2 0 0 3 0 2 0 1/5 10:31 0:00 0:07
Morgan Geekie 0 0 0 1 0 0 2 0 0 0 1/3 10:45 0:15 0:00
Patrick Brown 0 0 0 0 0 1 3 0 0 0 6/17 18:39 2:40 2:58
Petr Straka 0 1 1 1 0 4 3 0 0 0 0/2 11:45 0:08 1:11
Shane Prince 1 0 1 1 0 2 2 0 0 0 0/0 10:31 0:04 0:00
Tanner Laczynski 0 0 0 -2 2 0 2 0 0 0 1/1 11:00 0:00 0:00
Timothy Liljegren 0 1 1 0 4 2 0 0 1 0 0/0 20:46 3:59 0:00
Tyson Jost 0 0 0 -2 0 0 0 0 0 0 0/1 13:26 0:00 3:41
Viktor Baldayev 0 0 0 0 0 0 3 0 0 0 0/0 20:20 0:00 3:28
Players Stats for Marlies
Player Name G A P +/- PIM S H SB GA TA FO MP PP MP PK MP
------------------------------------------------------------------------------------
Aleksi Saarela 1 1 2 1 0 6 1 0 0 0 20/33 24:05 3:05 3:27
Alex Formenton 0 0 0 0 0 0 1 1 0 0 1/2 16:37 1:52 1:34
Dennis Gilbert 0 0 0 0 0 0 2 3 0 0 0/0 22:54 1:59 2:36
Dmitri Samorukov 0 1 1 1 0 0 0 3 0 1 0/0 14:24 0:00 0:52
Henri Ikonen 0 0 0 0 0 0 1 0 1 0 0/0 14:11 0:00 1:26
Jaden Lindo 0 0 0 0 0 0 0 0 0 0 0/0 0:00 0:00 0:00
Jakob Forsbacka-Karlsson 0 0 0 0 0 0 2 1 0 0 0/1 9:44 0:00 1:13
Keaton Thompson 0 0 0 0 2 2 2 0 1 0 0/0 21:55 1:59 1:34
Logan Brown 0 0 0 0 0 4 0 0 0 0 6/8 17:27 1:52 1:34
Lucas Carlsson 0 0 0 0 0 2 2 2 0 0 0/0 28:34 2:58 3:38
Martin Necas 0 0 0 0 0 3 1 0 1 0 0/0 16:34 1:52 0:00
Mathieu Olivier 0 0 0 0 2 3 0 0 0 0 0/0 11:46 0:00 0:00
Matthew Highmore 0 0 0 0 0 0 0 0 0 1 5/6 12:48 0:00 0:00
Nicholas Baptiste 1 0 1 1 0 7 1 0 0 0 0/0 20:35 3:05 0:00
Otto Koivula 0 0 0 0 0 1 1 0 0 0 0/0 8:08 0:00 0:00
Pierre-Olivier Joseph 0 0 0 0 0 1 2 0 1 2 0/0 28:44 2:58 3:48
Simon Bourque 0 0 0 1 2 0 0 1 0 0 0/0 13:39 0:00 0:00
Tobias Lindberg 0 0 0 0 2 0 0 0 0 0 0/0 8:12 0:00 0:00
Tyler Benson 0 0 0 1 0 2 3 0 1 1 0/4 23:25 3:05 3:14
3 Stars
1 - Aleksi Saarela (Tor)
2 - Nicholas Baptiste (Tor)
3 - Shane Prince (Spr)
Power Play
Thunderbirds - 1 on 4 Attempt(s) - 25.00%
Marlies - 0 on 3 Attempt(s) - 0.00%
Penalty Kill
Thunderbirds - 3 on 3 Attempt(s) - 100.00%
- Score 0 goal in Penalty Kill
Marlies - 3 on 4 Attempt(s) - 75.00%
- Score 0 goal in Penalty Kill
Team Stat
Thunderbirds - Hits : 35 - Faceoff Wins : 22 - Blocked Shots : 4 - Penalty Minutes : 6
Marlies - Hits : 19 - Faceoff Wins : 32 - Blocked Shots : 11 - Penalty Minutes : 8
Official
Referees : Justin St. Pierre and Gord Dwyer
Linesman : Brandon Gawryletz and Steve Miller
Game Notes
No Game Note
Finance
Level 1 -- Attendance: 2000 (100.00%) -- Ticket Income $70,000
Level 2 -- Attendance: 1000 (100.00%) -- Ticket Income $15,000
Total Attendance: 3000 (100.00%)
Total Ticket Income: $85,000
Other Income: $4,250
Total Income: $89,250
Thunderbirds
5 vs 5 Forward
Center Left Wing Right Wing Time % Phy DF OF
1 Elias Lindholm Kirill Kaprizov Drake Batherson 40 0 2 3
2 Patrick Brown Dominik Kahun Anthony Beauvillier 30 0 2 3
3 Morgan Geekie Shane Prince Petr Straka 15 0 2 3
4 Morgan Frost Tyson Jost Tanner Laczynski 15 0 2 3
5 vs 5 Defense
Defense Defense Time % Phy DF OF
1 Griffin Reinhart Filip Hronek 40 0 2 3
2 Viktor Baldayev Timothy Liljegren 30 0 2 3
3 Jacob Larsson Kale Clague 20 0 2 3
4 Griffin Reinhart Filip Hronek 10 0 2 3
PowerPlay Forward
Center Left Wing Right Wing Time % Phy DF OF
1 Elias Lindholm Kirill Kaprizov Drake Batherson 60 0 1 4
2 Patrick Brown Dominik Kahun Anthony Beauvillier 40 0 1 4
PowerPlay Defense
Defense Defense Time % Phy DF OF
1 Griffin Reinhart Timothy Liljegren 60 0 2 3
2 Filip Hronek Kale Clague 40 0 2 3
Penalty Kill 4 Players Forward
Center Wing Time % Phy DF OF
1 Patrick Brown Tyson Jost 60 1 3 1
2 Elias Lindholm Anthony Beauvillier 40 1 3 1
Penalty Kill 4 Players Defense
Defense Defense Time % Phy DF OF
1 Griffin Reinhart Viktor Baldayev 60 1 4 0
2 Filip Hronek Jacob Larsson 40 1 4 0
Penalty Kill - 3 Players Forward
Forward Time % Phy DF OF
1 Tyson Jost 60 1 3 1
2 Anthony Beauvillier 40 1 3 1
Penalty Kill - 3 Players Defense
Defense Defense Time % Phy DF OF
1 Griffin Reinhart Viktor Baldayev 60 1 4 0
2 Filip Hronek Jacob Larsson 40 1 4 0
4 vs 4 Forward
Center Wing Time % Phy DF OF
1 Elias Lindholm Kirill Kaprizov 60 0 2 3
2 Patrick Brown Drake Batherson 40 0 2 3
4 vs 4 Defense
Defense Defense Time % Phy DF OF
1 Griffin Reinhart Filip Hronek 60 0 2 3
2 Viktor Baldayev Timothy Liljegren 40 0 2 3
Last Minutes Offensive
Center Left Wing Right Wing Defense Defense
Elias Lindholm Kirill Kaprizov Drake Batherson Griffin Reinhart Timothy Liljegren
Last Minutes Defensive
Center Left Wing Right Wing Defense Defense
Patrick Brown Tyson Jost Petr Straka Viktor Baldayev Filip Hronek
Goaltenders
Starting : Carter Hutton
Backup : Phoenix Copley
Extra Forwards
Normal : Tanner Laczynski, Drake Batherson, Kirill Kaprizov - PP : Morgan Geekie, Kirill Kaprizov - PK : Petr Straka
Extra Defensemen
Normal : Timothy Liljegren, Filip Hronek, Viktor Baldayev - PP : Timothy Liljegren - PK : Filip Hronek, Timothy Liljegren
Penalty Shots
Drake Batherson, Tanner Laczynski, Petr Straka, Patrick Brown, Elias Lindholm
Scratches
Austin Poganski (Healthy), Adam Ruzicka (Healthy), Charles Hudon (Healthy), Jake Walman (Healthy), Matt Puempel (Healthy)
Mitchell Heard (Healthy), Nicklas Jensen (Healthy), Grant Hutton (Healthy), Roberts Lipsbergs (Healthy), Calvin Thurkauf (Healthy)
Dylan Gambrell (Healthy), Artur Kayumov (Healthy), Radim Simek (Bruised Left Leg Injury)
Marlies
5 vs 5 Forward
Center Left Wing Right Wing Time % Phy DF OF
1 Aleksi Saarela Tyler Benson Nicholas Baptiste 40 1 2 2
2 Logan Brown Alex Formenton Martin Necas 30 1 2 2
3 Matthew Highmore Henri Ikonen Mathieu Olivier 20 1 2 2
4 Jakob Forsbacka-Karlsson Otto Koivula Tobias Lindberg 10 1 2 2
5 vs 5 Defense
Defense Defense Time % Phy DF OF
1 Lucas Carlsson Pierre-Olivier Joseph 40 1 2 2
2 Keaton Thompson Dennis Gilbert 30 1 2 2
3 Dmitri Samorukov Simon Bourque 20 1 2 2
4 Lucas Carlsson Pierre-Olivier Joseph 10 1 2 2
PowerPlay Forward
Center Left Wing Right Wing Time % Phy DF OF
1 Aleksi Saarela Tyler Benson Nicholas Baptiste 60 1 2 2
2 Logan Brown Alex Formenton Martin Necas 40 1 2 2
PowerPlay Defense
Defense Defense Time % Phy DF OF
1 Lucas Carlsson Pierre-Olivier Joseph 60 1 2 2
2 Keaton Thompson Dennis Gilbert 40 1 2 2
Penalty Kill 4 Players Forward
Center Wing Time % Phy DF OF
1 Aleksi Saarela Tyler Benson 60 1 2 2
2 Logan Brown Alex Formenton 40 1 2 2
Penalty Kill 4 Players Defense
Defense Defense Time % Phy DF OF
1 Lucas Carlsson Pierre-Olivier Joseph 60 1 2 2
2 Keaton Thompson Dennis Gilbert 40 1 2 2
Penalty Kill - 3 Players Forward
Forward Time % Phy DF OF
1 Aleksi Saarela 60 1 2 2
2 Logan Brown 40 1 2 2
Penalty Kill - 3 Players Defense
Defense Defense Time % Phy DF OF
1 Lucas Carlsson Pierre-Olivier Joseph 60 1 2 2
2 Keaton Thompson Dennis Gilbert 40 1 2 2
4 vs 4 Forward
Center Wing Time % Phy DF OF
1 Aleksi Saarela Nicholas Baptiste 60 1 2 2
2 Logan Brown Martin Necas 40 1 2 2
4 vs 4 Defense
Defense Defense Time % Phy DF OF
1 Lucas Carlsson Pierre-Olivier Joseph 60 1 2 2
2 Keaton Thompson Dennis Gilbert 40 1 2 2
Last Minutes Offensive
Center Left Wing Right Wing Defense Defense
Aleksi Saarela Tyler Benson Nicholas Baptiste Lucas Carlsson Pierre-Olivier Joseph
Last Minutes Defensive
Center Left Wing Right Wing Defense Defense
Aleksi Saarela Tyler Benson Nicholas Baptiste Lucas Carlsson Pierre-Olivier Joseph
Goaltenders
Starting : Charlie Lindgren
Backup : Logan Thompson
Extra Forwards
Normal : Tyler Benson, Martin Necas, Matthew Highmore - PP : Tyler Benson, Martin Necas - PK : Tyler Benson
Extra Defensemen
Normal : Dennis Gilbert, Dmitri Samorukov, Simon Bourque - PP : Dennis Gilbert - PK : Dennis Gilbert, Dmitri Samorukov
Penalty Shots
Nicholas Baptiste, Aleksi Saarela, Logan Brown, Mathieu Olivier, Tyler Benson
Scratches
Brycen Martin (Healthy), Marc McLaughlin (Healthy), Jeff Corbett (Lower Body Injury), Radovan Bondra (Healthy), Mike Hardman (Healthy)
Valentin Zykov (Torn Right Knee Ligaments Injury), Jonathan Davidsson (Healthy)
% Time on Ice - Thunderbirds
Lines # - Real PCT - Wanted PCT - Time Play
Normal Forward
1 - 33% - 40% - 16:01
2 - 26% - 30% - 12:42
3 - 21% - 15% - 10:23
4 - 20% - 15% - 9:43
Normal Defense
1 - 36% - 40% - 17:46
2 - 32% - 30% - 15:33
3 - 30% - 20% - 14:25
4 - 2% - 10% - 1:05
PP Forward
1 - 57% - 60% - 3:34
2 - 43% - 40% - 2:40
PP Defense
1 - 64% - 60% - 3:59
2 - 36% - 40% - 2:15
PK Forward
1 - 76% - 60% - 3:47
2 - 24% - 40% - 1:10
PK Defense
1 - 59% - 60% - 2:54
2 - 41% - 40% - 2:03
PK3 Forward
1 - 100% - 60% - 1:00
2 - 0% - 40% - 0:00
PK3 Defense
1 - 57% - 60% - 0:34
2 - 43% - 40% - 0:26
44 Forward
1 - 88% - 60% - 3:32
2 - 12% - 40% - 0:28
44 Defense
1 - 42% - 60% - 1:41
2 - 58% - 40% - 2:19
Last Minute Offensive - 0:00
Last Minute Defensive - 0:00
Total
Forward - 65:00
Defense - 65:00
|
% Time on Ice - Marlies
Lines # - Real PCT - Wanted PCT - Time Play
Normal Forward
1 - 32% - 40% - 15:43
2 - 27% - 30% - 13:11
3 - 24% - 20% - 11:47
4 - 17% - 10% - 8:08
Normal Defense
1 - 37% - 40% - 18:13
2 - 34% - 30% - 16:25
3 - 26% - 20% - 12:51
4 - 3% - 10% - 1:20
PP Forward
1 - 62% - 60% - 3:05
2 - 38% - 40% - 1:52
PP Defense
1 - 60% - 60% - 2:58
2 - 40% - 40% - 1:59
PK Forward
1 - 75% - 60% - 4:40
2 - 25% - 40% - 1:34
PK Defense
1 - 58% - 60% - 3:38
2 - 42% - 40% - 2:36
PK3 Forward
1 - 0% - 60%
2 - 0% - 40%
PK3 Defense
1 - 0% - 60%
2 - 0% - 40%
44 Forward
1 - 83% - 60% - 4:10
2 - 17% - 40% - 0:50
44 Defense
1 - 48% - 60% - 2:25
2 - 52% - 40% - 2:35
Last Minute Offensive - 0:00
Last Minute Defensive - 0:00
Total
Forward - 65:00
Defense - 65:00
|
Play-by-Play
1st period
0:01 of 1st period - Kirill Kaprizov wins face-off versus Tyler Benson in neutral zone.
1:09 of 1st period - Wrist shot by Tanner Laczynski.
1:09 of 1st period - Shot Blocked by Lucas Carlsson.
1:11 of 1st period - Snap shot by Kale Clague.
1:11 of 1st period - Deflect By Tanner Laczynski.
1:11 of 1st period - Shot Misses the Net.
1:11 of 1st period - Puck is out of play.
1:12 of 1st period - Aleksi Saarela wins face-off versus Elias Lindholm in Marlies zone.
1:53 of 1st period - Snap shot by Patrick Brown.
1:53 of 1st period - Shot Misses the Net.
2:04 of 1st period - Off-side.
2:05 of 1st period - Matthew Highmore wins face-off versus Morgan Frost in neutral zone.
2:13 of 1st period - Icing by Tanner Laczynski.
2:14 of 1st period - Aleksi Saarela wins face-off versus Morgan Frost in Thunderbirds zone.
2:15 of 1st period - Wrist shot by Nicholas Baptiste.
2:15 of 1st period - Goal by Nicholas Baptiste - Thunderbirds : 0 - Marlies : 1.
2:16 of 1st period - Drake Batherson wins face-off versus Aleksi Saarela in neutral zone.
2:41 of 1st period - Simon Bourque is hit by Filip Hronek and loses puck.
3:08 of 1st period - Alex Formenton is hit by Petr Straka and loses puck.
3:55 of 1st period - Snap shot by Kirill Kaprizov.
3:55 of 1st period - Stopped by Charlie Lindgren without a rebound.
3:56 of 1st period - Aleksi Saarela wins face-off versus Elias Lindholm in Marlies zone.
4:21 of 1st period - Griffin Reinhart is hit by Keaton Thompson and loses puck.
4:28 of 1st period - Slapshot by Filip Hronek.
4:28 of 1st period - Stopped by Charlie Lindgren with a rebound.
4:30 of 1st period - Slapshot by Dominik Kahun.
4:30 of 1st period - Stopped by Charlie Lindgren without a rebound.
4:31 of 1st period - Matthew Highmore wins face-off versus Elias Lindholm in Marlies zone.
4:47 of 1st period - Snap shot by Drake Batherson.
4:47 of 1st period - Stopped by Charlie Lindgren without a rebound.
4:48 of 1st period - Patrick Brown wins face-off versus Aleksi Saarela in Marlies zone.
4:49 of 1st period - Slapshot by Dominik Kahun.
4:49 of 1st period - Stopped by Charlie Lindgren with a rebound.
4:55 of 1st period - Snap shot by Nicholas Baptiste.
4:55 of 1st period - Shot Blocked by Griffin Reinhart.
4:57 of 1st period - Snap shot by Tyler Benson.
4:57 of 1st period - Deflect By Nicholas Baptiste.
4:57 of 1st period - Shot Misses the Net.
4:57 of 1st period - Puck is out of play.
4:58 of 1st period - Aleksi Saarela wins face-off versus Patrick Brown in Thunderbirds zone.
5:30 of 1st period - Snap shot by Nicholas Baptiste.
5:30 of 1st period - Stopped by Carter Hutton with a rebound.
5:38 of 1st period - Wrist shot by Nicholas Baptiste.
5:38 of 1st period - Stopped by Carter Hutton without a rebound.
5:39 of 1st period - Elias Lindholm wins face-off versus Logan Brown in Thunderbirds zone.
6:55 of 1st period - Snap shot by Logan Brown.
6:55 of 1st period - Shot Misses the Net.
7:14 of 1st period - Snap shot by Nicholas Baptiste.
7:14 of 1st period - Stopped by Carter Hutton with a rebound.
7:56 of 1st period - Wrist shot by Shane Prince.
7:56 of 1st period - Shot Misses the Net.
8:12 of 1st period - Lucas Carlsson is hit by Viktor Baldayev.
8:16 of 1st period - Nicholas Baptiste is hit by Elias Lindholm and loses puck.
8:45 of 1st period - Tobias Lindberg is hit by Tanner Laczynski and loses puck.
10:11 of 1st period - Elias Lindholm is hit by Henri Ikonen.
10:15 of 1st period - Lucas Carlsson is hit by Kirill Kaprizov and loses puck.
10:26 of 1st period - Lucas Carlsson is hit by Griffin Reinhart and loses puck.
10:33 of 1st period - Dmitri Samorukov is hit by Morgan Frost and loses puck.
11:10 of 1st period - Logan Brown is hit by Viktor Baldayev and loses puck.
11:36 of 1st period - Dennis Gilbert is hit by Shane Prince and loses puck.
11:51 of 1st period - Timothy Liljegren is hit by Nicholas Baptiste and loses puck.
13:56 of 1st period - Minor Penalty to Tobias Lindberg for High sticking.
13:57 of 1st period - Kirill Kaprizov wins face-off versus Tyler Benson in Marlies zone.
14:22 of 1st period - Tyler Benson is hit by Anthony Beauvillier and loses puck.
14:27 of 1st period - Wrist shot by Anthony Beauvillier.
14:27 of 1st period - Shot Misses the Net.
15:55 of 1st period - Dennis Gilbert is hit by Filip Hronek and loses puck.
15:56 of 1st period - Penalty to Tobias Lindberg is over, Tobias Lindberg is back on ice.
16:23 of 1st period - Simon Bourque is hit by Morgan Geekie and loses puck.
16:52 of 1st period - Slapshot by Nicholas Baptiste.
16:52 of 1st period - Stopped by Carter Hutton without a rebound.
16:53 of 1st period - Aleksi Saarela wins face-off versus Patrick Brown in Thunderbirds zone.
17:29 of 1st period - Wrist shot by Petr Straka.
17:29 of 1st period - Shot Misses the Net.
17:31 of 1st period - Wrist shot by Timothy Liljegren.
17:31 of 1st period - Shot Misses the Net.
17:33 of 1st period - Wrist shot by Shane Prince.
17:33 of 1st period - Shot Misses the Net.
17:35 of 1st period - Wrist shot by Timothy Liljegren.
17:35 of 1st period - Stopped by Charlie Lindgren with a rebound.
17:37 of 1st period - Slapshot by Timothy Liljegren.
17:37 of 1st period - Deflect By Simon Bourque.
17:37 of 1st period - Stopped by Charlie Lindgren with a rebound.
17:39 of 1st period - Snap shot by Shane Prince.
17:39 of 1st period - Goal by Shane Prince - Thunderbirds : 1 - Marlies : 1.
17:40 of 1st period - Aleksi Saarela wins face-off versus Elias Lindholm in neutral zone.
18:59 of 1st period - Griffin Reinhart is hit by Tyler Benson and loses puck.
19:26 of 1st period - Kirill Kaprizov is hit by Martin Necas and loses puck.
19:46 of 1st period - Slapshot by Tobias Lindberg.
19:46 of 1st period - Shot Hit the Post.
Goals for this period are 1 for Thunderbirds vs 1 for Marlies.
Shots for this period are 8 for Thunderbirds vs 5 for Marlies.
2nd period
0:01 of 2nd period - Elias Lindholm wins face-off versus Aleksi Saarela in neutral zone.
0:06 of 2nd period - Wrist shot by Drake Batherson.
0:06 of 2nd period - Stopped by Charlie Lindgren with a rebound.
0:14 of 2nd period - Kirill Kaprizov is hit by Pierre-Olivier Joseph and loses puck.
0:33 of 2nd period - Snap shot by Mathieu Olivier.
0:33 of 2nd period - Stopped by Carter Hutton without a rebound.
0:34 of 2nd period - Anthony Beauvillier wins face-off versus Aleksi Saarela in Thunderbirds zone.
1:28 of 2nd period - Backhand shot by Drake Batherson.
1:28 of 2nd period - Stopped by Charlie Lindgren without a rebound.
1:29 of 2nd period - Patrick Brown wins face-off versus Aleksi Saarela in Marlies zone.
1:30 of 2nd period - Wrist shot by Dominik Kahun.
1:30 of 2nd period - Shot Misses the Net.
1:32 of 2nd period - Snap shot by Dominik Kahun.
1:32 of 2nd period - Stopped by Charlie Lindgren with a rebound.
1:34 of 2nd period - Slapshot by Filip Hronek.
1:34 of 2nd period - Deflect By Nicholas Baptiste.
1:34 of 2nd period - Stopped by Charlie Lindgren without a rebound.
1:35 of 2nd period - Aleksi Saarela wins face-off versus Patrick Brown in Marlies zone.
2:30 of 2nd period - Backhand shot by Mathieu Olivier.
2:30 of 2nd period - Stopped by Carter Hutton with a rebound.
2:32 of 2nd period - Slapshot by Pierre-Olivier Joseph.
2:32 of 2nd period - Deflect By Kale Clague.
2:32 of 2nd period - Stopped by Carter Hutton with a rebound.
2:52 of 2nd period - Jacob Larsson is hit by Jakob Forsbacka-Karlsson and loses puck.
4:20 of 2nd period - Snap shot by Elias Lindholm.
4:20 of 2nd period - Shot Misses the Net.
4:22 of 2nd period - Slapshot by Elias Lindholm.
4:22 of 2nd period - Stopped by Charlie Lindgren with a rebound.
4:28 of 2nd period - Snap shot by Drake Batherson.
4:28 of 2nd period - Shot Misses the Net.
4:30 of 2nd period - Wrist shot by Elias Lindholm.
4:30 of 2nd period - Stopped by Charlie Lindgren without a rebound.
4:31 of 2nd period - Alex Formenton wins face-off versus Patrick Brown in Marlies zone.
4:31 of 2nd period - Alex Formenton is hit by Patrick Brown.
5:02 of 2nd period - Aleksi Saarela is hit by Petr Straka and loses puck.
5:17 of 2nd period - Mathieu Olivier is hit by Griffin Reinhart and loses puck.
5:47 of 2nd period - Keaton Thompson is hit by Tanner Laczynski.
6:14 of 2nd period - Lucas Carlsson is hit by Dominik Kahun and loses puck.
7:06 of 2nd period - Henri Ikonen is hit by Petr Straka and loses puck.
7:48 of 2nd period - Dmitri Samorukov is hit by Viktor Baldayev.
7:58 of 2nd period - Wrist shot by Otto Koivula.
7:58 of 2nd period - Stopped by Carter Hutton with a rebound.
8:12 of 2nd period - Timothy Liljegren is hit by Lucas Carlsson and loses puck.
8:31 of 2nd period - Slapshot by Matthew Highmore.
8:31 of 2nd period - Shot Misses the Net.
8:43 of 2nd period - Kirill Kaprizov is hit by Dennis Gilbert and loses puck.
9:00 of 2nd period - Pierre-Olivier Joseph is hit by Shane Prince and loses puck.
9:09 of 2nd period - Kale Clague is hit by Jakob Forsbacka-Karlsson and loses puck.
9:29 of 2nd period - Lucas Carlsson is hit by Kale Clague and loses puck.
9:54 of 2nd period - Otto Koivula is hit by Drake Batherson and loses puck.
10:09 of 2nd period - Slapshot by Aleksi Saarela.
10:09 of 2nd period - Stopped by Carter Hutton without a rebound.
10:10 of 2nd period - Morgan Frost wins face-off versus Tyler Benson in Thunderbirds zone.
10:23 of 2nd period - Tyler Benson is hit by Morgan Frost and loses puck.
10:36 of 2nd period - Elias Lindholm is hit by Dennis Gilbert and loses puck.
10:43 of 2nd period - Slapshot by Martin Necas.
10:43 of 2nd period - Stopped by Carter Hutton with a rebound.
10:45 of 2nd period - Slapshot by Martin Necas.
10:45 of 2nd period - Shot Blocked by Kale Clague.
10:47 of 2nd period - Slapshot by Dmitri Samorukov.
10:47 of 2nd period - Deflect By Logan Brown.
10:47 of 2nd period - Stopped by Carter Hutton with a rebound.
11:01 of 2nd period - Wrist shot by Mathieu Olivier.
11:01 of 2nd period - Shot Misses the Net.
11:03 of 2nd period - Slapshot by Mathieu Olivier.
11:03 of 2nd period - Stopped by Carter Hutton without a rebound.
11:04 of 2nd period - Aleksi Saarela wins face-off versus Patrick Brown in Thunderbirds zone.
11:12 of 2nd period - Minor Penalty to Keaton Thompson for Hooking.
11:13 of 2nd period - Kirill Kaprizov wins face-off versus Aleksi Saarela in Marlies zone.
11:13 of 2nd period - Wrist shot by Drake Batherson.
11:13 of 2nd period - Shot Blocked by Dennis Gilbert.
11:17 of 2nd period - Snap shot by Kirill Kaprizov.
11:17 of 2nd period - Stopped by Charlie Lindgren with a rebound.
11:21 of 2nd period - Wrist shot by Griffin Reinhart.
11:21 of 2nd period - Stopped by Charlie Lindgren with a rebound.
11:23 of 2nd period - Snap shot by Kirill Kaprizov.
11:23 of 2nd period - Shot Misses the Net.
11:25 of 2nd period - Slapshot by Griffin Reinhart.
11:25 of 2nd period - Shot Blocked by Dennis Gilbert.
11:27 of 2nd period - Slapshot by Timothy Liljegren.
11:27 of 2nd period - Shot Misses the Net.
13:10 of 2nd period - Lucas Carlsson is hit by Kale Clague and loses puck.
13:12 of 2nd period - Penalty to Keaton Thompson is over, Keaton Thompson is back on ice.
14:04 of 2nd period - Jakob Forsbacka-Karlsson is hit by Filip Hronek and loses puck.
14:29 of 2nd period - Drake Batherson is hit by Otto Koivula and loses puck.
14:38 of 2nd period - Tobias Lindberg is hit by Drake Batherson and loses puck.
15:01 of 2nd period - Icing by Dmitri Samorukov.
15:02 of 2nd period - Logan Brown wins face-off versus Patrick Brown in Marlies zone.
15:13 of 2nd period - Tyler Benson is hit by Patrick Brown and loses puck.
15:53 of 2nd period - Shane Prince is hit by Alex Formenton and loses puck.
16:02 of 2nd period - Wrist shot by Logan Brown.
16:02 of 2nd period - Stopped by Carter Hutton without a rebound.
16:03 of 2nd period - Kirill Kaprizov wins face-off versus Aleksi Saarela in Thunderbirds zone.
16:05 of 2nd period - Minor Penalty to Timothy Liljegren for Interference.
16:06 of 2nd period - Patrick Brown wins face-off versus Aleksi Saarela in Thunderbirds zone.
16:09 of 2nd period - Off-side.
16:10 of 2nd period - Patrick Brown wins face-off versus Aleksi Saarela in neutral zone.
18:05 of 2nd period - Penalty to Timothy Liljegren is over, Timothy Liljegren is back on ice.
18:05 of 2nd period - Snap shot by Griffin Reinhart.
18:05 of 2nd period - Deflect By Elias Lindholm.
18:05 of 2nd period - Stopped by Charlie Lindgren with a rebound.
18:23 of 2nd period - Snap shot by Petr Straka.
18:23 of 2nd period - Shot Misses the Net.
18:25 of 2nd period - Wrist shot by Morgan Geekie.
18:25 of 2nd period - Deflect By Petr Straka.
18:25 of 2nd period - Stopped by Charlie Lindgren without a rebound.
18:26 of 2nd period - Matthew Highmore wins face-off versus Morgan Geekie in Marlies zone.
18:26 of 2nd period - Matthew Highmore is hit by Morgan Geekie.
18:42 of 2nd period - Mathieu Olivier is hit by Kale Clague and loses puck.
19:17 of 2nd period - Wrist shot by Drake Batherson.
19:17 of 2nd period - Shot Blocked by Simon Bourque.
19:27 of 2nd period - Wrist shot by Nicholas Baptiste.
19:27 of 2nd period - Stopped by Carter Hutton with a rebound.
19:48 of 2nd period - Slapshot by Jacob Larsson.
19:48 of 2nd period - Shot Misses the Net.
Goals for this period are 0 for Thunderbirds vs 0 for Marlies.
Shots for this period are 10 for Thunderbirds vs 10 for Marlies.
3rd period
0:01 of 3rd period - Aleksi Saarela wins face-off versus Elias Lindholm in neutral zone.
0:06 of 3rd period - Snap shot by Nicholas Baptiste.
0:06 of 3rd period - Stopped by Carter Hutton with a rebound.
0:32 of 3rd period - Slapshot by Keaton Thompson.
0:32 of 3rd period - Stopped by Carter Hutton with a rebound.
0:34 of 3rd period - Wrist shot by Martin Necas.
0:34 of 3rd period - Shot Misses the Net.
0:36 of 3rd period - Snap shot by Alex Formenton.
0:36 of 3rd period - Shot Blocked by Griffin Reinhart.
0:38 of 3rd period - Snap shot by Logan Brown.
0:38 of 3rd period - Shot Blocked by Griffin Reinhart.
1:16 of 3rd period - Snap shot by Drake Batherson.
1:16 of 3rd period - Deflect By Kirill Kaprizov.
1:16 of 3rd period - Stopped by Charlie Lindgren with a rebound.
1:36 of 3rd period - Slapshot by Timothy Liljegren.
1:36 of 3rd period - Shot Blocked by Dmitri Samorukov.
1:38 of 3rd period - Slapshot by Petr Straka.
1:38 of 3rd period - Shot Blocked by Dmitri Samorukov.
1:40 of 3rd period - Slapshot by Viktor Baldayev.
1:40 of 3rd period - Shot Blocked by Dmitri Samorukov.
1:50 of 3rd period - Snap shot by Aleksi Saarela.
1:50 of 3rd period - Goal by Aleksi Saarela - Thunderbirds : 1 - Marlies : 2.
1:51 of 3rd period - Elias Lindholm wins face-off versus Tyler Benson in neutral zone.
2:31 of 3rd period - Viktor Baldayev is hit by Pierre-Olivier Joseph.
3:08 of 3rd period - Wrist shot by Petr Straka.
3:08 of 3rd period - Shot Blocked by Dennis Gilbert.
3:10 of 3rd period - Slapshot by Petr Straka.
3:10 of 3rd period - Stopped by Charlie Lindgren with a rebound.
3:12 of 3rd period - Slapshot by Petr Straka.
3:12 of 3rd period - Shot Misses the Net.
3:14 of 3rd period - Snap shot by Jacob Larsson.
3:14 of 3rd period - Shot Misses the Net.
3:16 of 3rd period - Slapshot by Kale Clague.
3:16 of 3rd period - Deflect By Shane Prince.
3:16 of 3rd period - Shot Misses the Net.
3:16 of 3rd period - Puck is out of play.
3:17 of 3rd period - Aleksi Saarela wins face-off versus Elias Lindholm in Marlies zone.
3:17 of 3rd period - Aleksi Saarela is hit by Elias Lindholm.
3:25 of 3rd period - Filip Hronek is hit by Tyler Benson and loses puck.
3:32 of 3rd period - Kirill Kaprizov is hit by Aleksi Saarela and loses puck.
3:49 of 3rd period - Keaton Thompson is hit by Patrick Brown.
4:04 of 3rd period - Off-side.
4:05 of 3rd period - Matthew Highmore wins face-off versus Morgan Frost in neutral zone.
4:39 of 3rd period - Minor Penalty to Simon Bourque for Tripping.
4:40 of 3rd period - Aleksi Saarela wins face-off versus Elias Lindholm in Marlies zone.
6:11 of 3rd period - Icing by Timothy Liljegren.
6:12 of 3rd period - Logan Brown wins face-off versus Elias Lindholm in Thunderbirds zone.
6:39 of 3rd period - Penalty to Simon Bourque is over, Simon Bourque is back on ice.
7:45 of 3rd period - Wrist shot by Dominik Kahun.
7:45 of 3rd period - Deflect By Patrick Brown.
7:45 of 3rd period - Shot Blocked by Jakob Forsbacka-Karlsson.
7:45 of 3rd period - Puck is out of play.
7:46 of 3rd period - Elias Lindholm wins face-off versus Jakob Forsbacka-Karlsson in Marlies zone.
7:49 of 3rd period - Wrist shot by Drake Batherson.
7:49 of 3rd period - Deflect By Elias Lindholm.
7:49 of 3rd period - Stopped by Charlie Lindgren without a rebound.
7:50 of 3rd period - Aleksi Saarela wins face-off versus Elias Lindholm in Marlies zone.
8:34 of 3rd period - Minor Penalty to Timothy Liljegren for Interference.
8:35 of 3rd period - Aleksi Saarela wins face-off versus Patrick Brown in Thunderbirds zone.
8:42 of 3rd period - Wrist shot by Aleksi Saarela.
8:42 of 3rd period - Stopped by Carter Hutton with a rebound.
8:44 of 3rd period - Slapshot by Lucas Carlsson.
8:44 of 3rd period - Stopped by Carter Hutton without a rebound.
8:45 of 3rd period - Patrick Brown wins face-off versus Aleksi Saarela in Thunderbirds zone.
9:12 of 3rd period - Wrist shot by Aleksi Saarela.
9:12 of 3rd period - Stopped by Carter Hutton without a rebound.
9:13 of 3rd period - Logan Brown wins face-off versus Patrick Brown in Thunderbirds zone.
9:51 of 3rd period - Nicholas Baptiste is hit by Jacob Larsson and loses puck.
10:10 of 3rd period - Icing by Pierre-Olivier Joseph.
10:11 of 3rd period - Logan Brown wins face-off versus Petr Straka in Marlies zone.
10:15 of 3rd period - Off-side.
10:16 of 3rd period - Aleksi Saarela wins face-off versus Petr Straka in neutral zone.
10:34 of 3rd period - Penalty to Timothy Liljegren is over, Timothy Liljegren is back on ice.
11:06 of 3rd period - Snap shot by Petr Straka.
11:06 of 3rd period - Stopped by Charlie Lindgren without a rebound.
11:07 of 3rd period - Aleksi Saarela wins face-off versus Morgan Geekie in Marlies zone.
11:20 of 3rd period - Wrist shot by Aleksi Saarela.
11:20 of 3rd period - Deflect By Tyler Benson.
11:20 of 3rd period - Stopped by Carter Hutton with a rebound.
11:22 of 3rd period - Slapshot by Tyler Benson.
11:22 of 3rd period - Deflect By Aleksi Saarela.
11:22 of 3rd period - Stopped by Carter Hutton without a rebound.
11:23 of 3rd period - Elias Lindholm wins face-off versus Alex Formenton in Thunderbirds zone.
11:34 of 3rd period - Slapshot by Griffin Reinhart.
11:34 of 3rd period - Shot Misses the Net.
12:13 of 3rd period - Snap shot by Elias Lindholm.
12:13 of 3rd period - Shot Misses the Net.
12:53 of 3rd period - Icing by Morgan Frost.
12:54 of 3rd period - Logan Brown wins face-off versus Morgan Frost in Thunderbirds zone.
12:57 of 3rd period - Slapshot by Martin Necas.
12:57 of 3rd period - Stopped by Carter Hutton without a rebound.
12:58 of 3rd period - Patrick Brown wins face-off versus Aleksi Saarela in Thunderbirds zone.
13:23 of 3rd period - Tyson Jost is hit by Lucas Carlsson and loses puck.
13:34 of 3rd period - Snap shot by Martin Necas.
13:34 of 3rd period - Stopped by Carter Hutton with a rebound.
13:54 of 3rd period - Wrist shot by Petr Straka.
13:54 of 3rd period - Shot Blocked by Lucas Carlsson.
14:12 of 3rd period - Wrist shot by Drake Batherson.
14:12 of 3rd period - Deflect By Elias Lindholm.
14:12 of 3rd period - Shot Misses the Net.
14:12 of 3rd period - Puck is out of play.
14:13 of 3rd period - Elias Lindholm wins face-off versus Aleksi Saarela in Marlies zone.
14:24 of 3rd period - Slapshot by Keaton Thompson.
14:24 of 3rd period - Stopped by Carter Hutton without a rebound.
14:25 of 3rd period - Aleksi Saarela wins face-off versus Elias Lindholm in Thunderbirds zone.
14:54 of 3rd period - Wrist shot by Dominik Kahun.
14:54 of 3rd period - Deflect By Anthony Beauvillier.
14:54 of 3rd period - Shot Blocked by Alex Formenton.
14:54 of 3rd period - Puck is out of play.
14:55 of 3rd period - Logan Brown wins face-off versus Patrick Brown in Marlies zone.
15:40 of 3rd period - Minor Penalty to Mathieu Olivier for High sticking.
15:41 of 3rd period - Aleksi Saarela wins face-off versus Elias Lindholm in Marlies zone.
15:57 of 3rd period - Snap shot by Drake Batherson.
15:57 of 3rd period - Goal by Drake Batherson - Thunderbirds : 2 - Marlies : 2.
15:58 of 3rd period - Drake Batherson wins face-off versus Aleksi Saarela in neutral zone.
16:13 of 3rd period - Slapshot by Aleksi Saarela.
16:13 of 3rd period - Stopped by Carter Hutton without a rebound.
16:14 of 3rd period - Matthew Highmore wins face-off versus Patrick Brown in Thunderbirds zone.
16:39 of 3rd period - Nicholas Baptiste is hit by Griffin Reinhart and loses puck.
17:06 of 3rd period - Slapshot by Lucas Carlsson.
17:06 of 3rd period - Deflect By Morgan Geekie.
17:06 of 3rd period - Stopped by Carter Hutton with a rebound.
17:08 of 3rd period - Snap shot by Tyler Benson.
17:08 of 3rd period - Stopped by Carter Hutton without a rebound.
17:09 of 3rd period - Morgan Geekie wins face-off versus Matthew Highmore in Thunderbirds zone.
17:24 of 3rd period - Wrist shot by Shane Prince.
17:24 of 3rd period - Stopped by Charlie Lindgren with a rebound.
17:26 of 3rd period - Slapshot by Viktor Baldayev.
17:26 of 3rd period - Shot Misses the Net.
17:28 of 3rd period - Wrist shot by Morgan Geekie.
17:28 of 3rd period - Shot Misses the Net.
17:56 of 3rd period - Slapshot by Petr Straka.
17:56 of 3rd period - Stopped by Charlie Lindgren without a rebound.
17:57 of 3rd period - Aleksi Saarela wins face-off versus Elias Lindholm in Marlies zone.
19:00 of 3rd period - Minor Penalty to Tanner Laczynski for Unsportsmanlike conduct.
19:01 of 3rd period - Aleksi Saarela wins face-off versus Patrick Brown in Thunderbirds zone.
19:36 of 3rd period - Elias Lindholm is hit by Keaton Thompson.
19:46 of 3rd period - Tyson Jost is hit by Tyler Benson and loses puck.
Goals for this period are 1 for Thunderbirds vs 1 for Marlies.
Shots for this period are 7 for Thunderbirds vs 14 for Marlies.
Overtime #1
0:01 of 1st overtime period - Aleksi Saarela wins face-off versus Tyson Jost in neutral zone.
0:13 of 1st overtime period - Slapshot by Griffin Reinhart.
0:13 of 1st overtime period - Stopped by Charlie Lindgren with a rebound.
1:00 of 1st overtime period - Penalty to Tanner Laczynski is over, Tanner Laczynski is back on ice.
1:38 of 1st overtime period - Snap shot by Logan Brown.
1:38 of 1st overtime period - Stopped by Carter Hutton without a rebound.
1:39 of 1st overtime period - Tanner Laczynski wins face-off versus Logan Brown in Thunderbirds zone.
2:13 of 1st overtime period - Snap shot by Drake Batherson.
2:13 of 1st overtime period - Deflect By Patrick Brown.
2:13 of 1st overtime period - Stopped by Charlie Lindgren with a rebound.
2:15 of 1st overtime period - Wrist shot by Patrick Brown.
2:15 of 1st overtime period - Shot Misses the Net.
2:29 of 1st overtime period - Wrist shot by Logan Brown.
2:29 of 1st overtime period - Stopped by Carter Hutton with a rebound.
3:55 of 1st overtime period - Pierre-Olivier Joseph is hit by Morgan Frost and loses puck.
Goals for this period are 0 for Thunderbirds vs 0 for Marlies.
Shots for this period are 2 for Thunderbirds vs 2 for Marlies.
ShootOut
5:00 of 1st overtime period - Round #1.
5:00 of 1st overtime period - Thunderbirds, Drake Batherson.
5:00 of 1st overtime period - Deke by Drake Batherson.
5:00 of 1st overtime period - Shot Misses the Net.
5:00 of 1st overtime period - Marlies, Nicholas Baptiste.
5:00 of 1st overtime period - Wrist shot by Nicholas Baptiste.
5:00 of 1st overtime period - Stopped by Carter Hutton.
5:00 of 1st overtime period - Round #2.
5:00 of 1st overtime period - Thunderbirds, Tanner Laczynski.
5:00 of 1st overtime period - Deke by Tanner Laczynski.
5:00 of 1st overtime period - Stopped by Charlie Lindgren.
5:00 of 1st overtime period - Marlies, Aleksi Saarela.
5:00 of 1st overtime period - Wrist shot by Aleksi Saarela.
5:00 of 1st overtime period - Stopped by Carter Hutton.
5:00 of 1st overtime period - Round #3.
5:00 of 1st overtime period - Thunderbirds, Petr Straka.
5:00 of 1st overtime period - Deke by Petr Straka.
5:00 of 1st overtime period - Shot Misses the Net.
5:00 of 1st overtime period - Marlies, Logan Brown.
5:00 of 1st overtime period - Snap shot by Logan Brown.
5:00 of 1st overtime period - Stopped by Carter Hutton.
5:00 of 1st overtime period - Round #4.
5:00 of 1st overtime period - Thunderbirds, Patrick Brown.
5:00 of 1st overtime period - Deke by Patrick Brown.
5:00 of 1st overtime period - Stopped by Charlie Lindgren.
5:00 of 1st overtime period - Marlies, Mathieu Olivier.
5:00 of 1st overtime period - Snap shot by Mathieu Olivier.
5:00 of 1st overtime period - Shot Misses the Net.
5:00 of 1st overtime period - Round #5.
5:00 of 1st overtime period - Thunderbirds, Elias Lindholm.
5:00 of 1st overtime period - Deke by Elias Lindholm.
5:00 of 1st overtime period - Goal by Elias Lindholm.
5:00 of 1st overtime period - Marlies, Tyler Benson.
5:00 of 1st overtime period - Snap shot by Tyler Benson.
5:00 of 1st overtime period - Goal by Tyler Benson.
5:00 of 1st overtime period - Round #6.
5:00 of 1st overtime period - Thunderbirds, Anthony Beauvillier.
5:00 of 1st overtime period - Deke by Anthony Beauvillier.
5:00 of 1st overtime period - Stopped by Charlie Lindgren.
5:00 of 1st overtime period - Marlies, Matthew Highmore.
5:00 of 1st overtime period - Wrist shot by Matthew Highmore.
5:00 of 1st overtime period - Goal by Matthew Highmore.
Output by the SimonT Hockey Simulator (STHS) for Francois Prevost